 Dungeon Crawl Stone Soup version 0.31-a0-1576-ga3383bade6 (webtiles) character file.

Game seed: 15475750127401343474

18190 Atlas the Grappler (level 12, -9/107 HPs)
             Began as a Troll Shapeshifter on Jan 4, 2024.
             Was an Initiate of Gozag.
             Mangled by Sonja
             ... wielding a +2 short sword of distortion
              (19 damage)
             ... on level 11 of the Dungeon.
             The game lasted 00:15:33 (10024 turns).

Atlas the Grappler (Troll Shapeshifter)            Turns: 10024, Time: 00:15:34

Health: -9/107     AC: 13    Str: 29    XL:     12   Next: 25%
Magic:  11/11      EV: 10    Int:  6    God:    Gozag
Gold:   1326       SH:  9    Dex: 15    Spells: 11/11 levels left

rFire   . .          .
                       - Unarmed
rCold   . . .        G - +0 kite shield
rNeg    + . .        T - +0 pearl dragon scales
rPois   .            (helmet currently unavailable)
rElec   .            (cloak currently unavailable)
rCorr   +            (gloves unavailable)
SInv    .            (boots unavailable)
Will    +....        (no amulet) Stlth
                     w - +6 ring of dexterity
HPRegen 1.17/turn    e - ring of resist corrosion
MPRegen 0.12/turn

%: no passive effects
@: brilliant, lethally poisoned (-9 -> -10), beast-form, gold aura, on berserk
cooldown, enlightened, flying, hasted and slowed
A: beast (slay +4), large, unfitting armour, claws 3, regeneration 1, shaggy fur
1, tough skin 1
a: Begin Untransformation, Renounce Religion, Potion Petition, Call Merchant,
Bribe Branch


You were on level 11 of the Dungeon.
You worshipped Gozag.
Gozag was most pleased with you.
You were a hulking beast.
You visited 1 branch of the dungeon, and saw 11 of its levels.
You visited the Abyss 1 time.
You also visited: Sewer.

You collected 2650 gold pieces.
You paid 1324 gold pieces to Gozag.

Inventory:

Missiles
 f - 4 throwing nets
 g - 12 boomerangs (quivered)
 u - a curare-tipped dart
 B - 10 large rocks
Armour
 a - a +0 animal skin
 G - a +0 kite shield (worn)
 T - +0 pearl dragon scales (worn)
Jewellery
 e - a ring of resist corrosion (right claw)
 w - a +6 ring of dexterity (left claw)
 E - a ring of protection from fire
 M - a ring of magical power
 P - a ring of fire
Talismans
 c - a beast talisman
 d - a flux talisman
 O - a serpent talisman
 S - a blade talisman
Wands
 H - a wand of roots (26)
 J - a wand of mindburst (19)
 K - a wand of flame (34)
Scrolls
 h - 2 scrolls of fear
 k - 3 scrolls of fog
 m - a scroll of noise
 n - 4 scrolls of enchant weapon
 p - 3 scrolls of blinking
 t - 3 scrolls of poison
 x - a scroll of enchant armour {unknown}
 y - a scroll of vulnerability {unknown}
 z - 4 scrolls of immolation
 D - 6 scrolls of teleportation
 F - a scroll of silence {unknown}
 I - a scroll of torment {unknown}
 L - 3 scrolls of revelation {unknown}
 N - a scroll of summoning {unknown}
 Q - a scroll of brand weapon {unknown}
 U - a scroll of amnesia {unknown}
Potions
 i - 2 potions of ambrosia
 j - 2 potions of enlightenment
 l - 2 potions of resistance
 o - 2 potions of heal wounds
 q - 3 potions of mutation
 r - a potion of invisibility
 s - a potion of might {unknown}
 v - 3 potions of haste
 A - 3 potions of curing
 C - 2 potions of brilliance {unknown}
 R - a potion of berserk rage {unknown}


   Skills:
 + Level 3.9 Fighting
 + Level 5.1 Throwing
 + Level 4.2 Armour
 + Level 6.7 Dodging
 + Level 2.2 Stealth
 + Level 4.7 Shields
 + Level 12.8 Unarmed Combat
 + Level 0.1 Evocations
 * Level 8.4 Shapeshifting


You had 11 spell levels left.
You didn't know any spells.
Your spell library contained the following spells:

 Spells                   Type           Power      Damage    Failure   Level
 Freeze                   Ice            0%         1d3       92%         1
 Slow                     Hex            0%         N/A       92%         1
 Jinxbite                 Hex            0%         N/A       98%         2
 Confusing Touch          Hex            0%         N/A       100%        3
 Frozen Ramparts          Ice            0%         1d1       100%        3
 Hailstorm                Conj/Ice       0%         3d5       100%        3
 Sigil of Binding         Hex            0%         N/A       100%        3
 Vampiric Draining        Necr           0%         2d6       100%        3
 Cause Fear               Hex            0%         N/A       100%        4
 Fireball                 Conj/Fire      0%         3d3       100%        5
 Yara's Violent Unravell  Hex/Alch       0%         3d3       100%        5
 Enfeeble                 Hex            0%         N/A       100%        7
 Dragon's Call            Summ           0%         N/A       100%        9


Dungeon Overview and Level Annotations

Branches:
Dungeon (11/15)            Temple (0/1) D:6            Lair (0/5) D:10
    Orc (0/2) D:10          Sewer (visited)

Altars:
Ashenzari
Fedhas
Gozag
Hepliaklqana
Kikubaaqudgha
Makhleb
Nemelex Xobeh
Qazlal
Ru
Xom
Yredelemnul

Shops:
D:6 (*   D:10 [[[

Annotations:
D:11 Sonja


Innate Abilities, Weirdness & Mutations

You are a hulking beast.
Your limbs bulge with bestial killing power. (Slay +4)
You are too large for most types of armour.
You have claws for hands.
Your natural rate of healing is unusually fast.
You are covered in fur. (AC +1)
You have tough skin. (AC +1)


Message History

The large abomination hits you!
* * * LOW HITPOINT WARNING * * *
You mangle the large abomination!!
You destroy the large abomination!
You see here 11 gold pieces.
You feel a strong urge to attack something.
Sonja throws a curare-tipped dart.
The curare-tipped dart hits you.
You are poisoned.
You have difficulty breathing.
* * * LOW HITPOINT WARNING * * *
You feel yourself slow down.
You are no longer berserk.
You are exhausted.
You feel as though you will be slow longer.
You feel very sick. [a] - 260 gold - resistance [b] - 624 gold - haste, brilliance, heal wounds and berserk rage [c] - 216 gold - might and brilliance Purchase which effect?
You feel as though your hastened speed will last longer.
You feel clever all of a sudden.
You feel much better.
You're still recovering from your berserk rage.
You feel very sick.
You feel sick. You block Sonja's attack.
Sonja hits you with a +2 short sword of distortion.
* * * LOW HITPOINT WARNING * * *
Space warps around you.
* * * LOW HITPOINT WARNING * * *
You block Sonja's attack. x2
Sonja hits you with a +2 short sword of distortion.
* * * LOW HITPOINT WARNING * * *
Space warps around you!
* * * LOW HITPOINT WARNING * * *
Sonja hits you with a +2 short sword of distortion.
* * * LOW HITPOINT WARNING * * *
Space warps horribly around you!!
You die...
Sonja takes a bow.
Your body crumbles into a pile of gold.

...........#....##......
...........#............
...........+............
...........#............
#.....(##....##......
#...$..##....# .....
#............# ####
#............#
#.....h.<....#
#.....K......#
#......##....#
#......##....#
..............#
........##....#
........##....#
##.............


You could see Sonja.

Vanquished Creatures
  A lich (Abyss:2)
  Harold (D:9)
  2 two-headed ogres (D:10)
  A thrashing horror (Abyss:1)
  A vampire mage (Abyss:1)
  3 large abominations
  A harpy (shapeshifter) (D:10)
  Pikel (D:8)
  An ugly thing (D:10)
  An elephant (D:9)
  A komodo dragon (D:10)
  An ancient zyme (Abyss:1)
  A freezing wraith (D:10)
  Jeremiah (D:6)
  2 hornets (D:8)
  4 raiju (Abyss:1)
  A slime creature (D:10)
  A shadow (D:9)
  A vampire (D:10)
  3 wyverns
  20 yaks
  2 steam dragons
  2 vampire mosquitoes (D:10)
  A basilisk (D:9)
  Edmund (D:4)
  An acid dragon (D:8)
  A black bear (D:9)
  4 orc warriors (D:10)
  2 ice beasts
  4 laughing skulls (Abyss:1)
  A sky beast (D:7)
  6 ogres
  A centaur (D:9)
  A lemure (D:8)
  2 kobold brigands (Sewer)
  A bullfrog (D:7)
  Blork the orc (D:6)
  A wyvern zombie (D:8)
  3 gnoll sergeants
  2 water moccasin zombies (D:5)
  3 scorpions
  4 wights (D:7)
  A burial acolyte (D:8)
  9 killer bees
  5 howler monkeys
  3 bombardier beetles
  A bullfrog zombie (D:5)
  4 jellies
  A centaur zombie (D:5)
  2 hounds (D:5)
  4 orc priests
  A gnoll bouda (D:8)
  2 iguanas
  An iron imp (Abyss:1)
  3 sleepcaps
  5 orc wizards
  A hound skeleton (D:5)
  20 gnolls
  13 adders
  8 river rats (Sewer)
  A shadow imp (D:7)
  4 ufetubi (D:5)
  6 dart slugs
  4 ribbon worms
  18 orcs
  15 ball pythons
  5 bats
  9 endoplasms
  3 giant cockroaches (D:3)
  11 goblins
  2 hobgoblins
  4 jackals (D:3)
  18 kobolds
  7 quokkas
  2 frilled lizards (D:1)
  26 rats
  A spectral goblin (D:8)
313 creatures vanquished.

Vanquished Creatures (others)
  A human (D:8)
  A lurking horror (Abyss:1)
  2 starspawn tentacles (Abyss:1)
4 creatures vanquished.

Grand Total: 317 creatures vanquished

Notes
Turn   | Place    | Note
-------+----------+-------------------------------------------
     0 | D:1      | Atlas the Troll Shapeshifter began the quest for the Orb.
     0 | D:1      | Reached XP level 1. HP: 18/18 MP: 0/0
   386 | D:1      | Reached XP level 2. HP: 26/26 MP: 1/1
   872 | D:2      | Found a burning altar of Makhleb.
   977 | D:2      | Found a faded altar of an unknown god.
  1045 | D:2      | Reached XP level 3. HP: 3/32 MP: 2/2
  1126 | D:2      | Reached skill level 4 in Unarmed Combat
  1126 | D:2      | Reached XP level 4. HP: 19/40 MP: 3/3
  1500 | D:3      | Found a stormy altar of Qazlal.
  1501 | D:3      | Found a shimmering altar of Xom.
  1703 | D:3      | Found a sacrificial altar of Ru.
  1826 | D:3      | Found a glowing drain.
  1830 | Sewer    | Entered a sewer
  1855 | Sewer    | Reached XP level 5. HP: 46/46 MP: 4/4
  1881 | Sewer    | Reached skill level 5 in Unarmed Combat
  2026 | Sewer    | Reached XP level 6. HP: 33/54 MP: 5/5
  2049 | Sewer    | Reached skill level 1 in Fighting
  2907 | D:4      | Reached skill level 6 in Unarmed Combat
  2923 | D:4      | Reached XP level 7. HP: 53/62 MP: 6/6
  2964 | D:4      | Found an opulent altar of Gozag.
  2971 | D:4      | Became a worshipper of Gozag Ym Sagoz the Greedy
  2999 | D:4      | Reached skill level 1 in Throwing
  3061 | D:4      | Noticed Edmund
  3088 | D:4      | Killed Edmund
  3339 | D:4      | Reached skill level 7 in Unarmed Combat
  3339 | D:4      | Reached XP level 8. HP: 63/72 MP: 7/7
  3488 | D:5      | Entered Level 5 of the Dungeon
  3980 | D:5      | Reached skill level 5 in Shapeshifting
  4004 | D:5      | Reached skill level 1 in Stealth
  4505 | D:6      | Reached skill level 8 in Unarmed Combat
  4543 | D:6      | Identified the +6 mace "Ohoip" {heavy, *Rage rC+ Int+3
                  | Dex+8}
  4599 | D:6      | Found a staircase to the Ecumenical Temple.
  4737 | D:6      | Noticed Jeremiah
  4907 | D:6      | Found Ilicar's Antique Weapon Shop.
  4922 | D:6      | Found a basalt altar of Yredelemnul.
  5348 | D:6      | Noticed Blork the orc
  5354 | D:6      | Killed Blork the orc
  5371 | D:6      | Found Acher's Overcharged Wands.
  5479 | D:6      | Killed Jeremiah
  5480 | D:6      | Reached XP level 9. HP: 38/80 MP: 8/8
  5581 | D:7      | Reached skill level 9 in Unarmed Combat
  5769 | D:7      | Reached skill level 1 in Shields
  5900 | D:7      | Found a sparkling altar of Nemelex Xobeh.
  6380 | D:8      | Noticed Pikel
  6394 | D:8      | Killed Pikel
  6395 | D:8      | Reached skill level 10 in Unarmed Combat
  6483 | D:8      | Reached skill level 5 in Dodging
  6677 | D:8      | Reached XP level 10. HP: 71/89 MP: 9/9
  6778 | D:8      | Found a hazy altar of Hepliaklqana.
  6896 | D:8      | Identified the +3 leather armour of Incorporation {Rampage
                  | rC+++ MP-9 Stlth+}
  7256 | D:8      | Found an ancient bone altar of Kikubaaqudgha.
  7382 | D:9      | Noticed Harold
  7392 | D:9      | Killed Harold
  7509 | D:9      | Found a broken altar of Ashenzari.
  7735 | D:9      | Reached skill level 11 in Unarmed Combat
  7875 | D:9      | Identified the +4 whip of Innuaru {antimagic, rElec rCorr}
  8071 | D:10     | Entered Level 10 of the Dungeon
  8072 | D:10     | Found a staircase to the Lair.
  8072 | D:10     | Noticed an elephant
  8161 | D:9      | Killed an elephant
  8162 | D:9      | Reached skill level 1 in Armour
  8162 | D:9      | Reached XP level 11. HP: 55/97 MP: 10/10
  8238 | D:10     | Found Lutoruf's Armour Boutique.
  8311 | D:10     | Found a blossoming altar of Fedhas.
  8405 | D:10     | Noticed a two-headed ogre
  8414 | D:10     | Killed a two-headed ogre
  8464 | D:10     | Found Kepies's Antique Armour Emporium.
  8492 | D:10     | Found a staircase to the Orcish Mines.
  8694 | D:10     | Found Lihipox's Armour Shop.
  9006 | D:10     | Noticed a green ugly thing
  9017 | D:10     | Killed a green ugly thing
  9022 | D:10     | a crocodile changed into a harpy
  9022 | D:10     | Noticed a harpy (shapeshifter)
  9027 | D:10     | Killed a harpy
  9128 | D:10     | Reached skill level 12 in Unarmed Combat
  9185 | D:10     | Noticed a two-headed ogre
  9193 | D:10     | Killed a two-headed ogre
  9507 | D:11     | Noticed Sonja
  9521 | Abyss:1  | Cast into level 1 of the Abyss (Sonja)
  9680 | Abyss:1  | Noticed a vampire mage
  9685 | Abyss:1  | Killed a vampire mage
  9689 | Abyss:1  | Noticed a large abomination
  9707 | Abyss:1  | Killed a large abomination
  9708 | Abyss:1  | Reached skill level 5 in Throwing
  9708 | Abyss:1  | Reached XP level 12. HP: 49/103 MP: 11/11
  9736 | Abyss:1  | Noticed a tentacled starspawn
  9752 | Abyss:1  | Found a corrupted altar of Lugonu.
  9886 | Abyss:2  | Noticed a lich
  9902 | Abyss:2  | HP: 8/160 [something/bolt of cold (34)]
  9908 | Abyss:2  | Killed a lich
 10001 | Abyss:2  | Found a burning altar of Makhleb.
 10016 | D:11     | Escaped the Abyss
 10024 | D:11     | Mangled by Sonja

Illustrated notes

Levels and vault maps discovered:
D:1:      psy_arrival_terrarium, layout_loops_corners, dk_noncrumbling_3
D:2:      cheibrodos_pilgrimage, layout_basic, basic_altar,
          dilly_ecumenical_altar_fadedgnrine
D:3:      layout_loops_corners, nicolae_ru_awakened_eye,
          amethyst_overflow_temple_binary,
          mainiacjoe_sewer_entry_somewhere_in_here_1
D:4:      layout_cave_pools, nicolae_gozag_cash_rules_everything_around_me,
          minmay_ogre_servants, uniq_edmund
D:5:      layout_loops_corners, serial_undead, serial_undead_b, serial_undead_e,
          serial_undead_c, serial_undead_d, nicolae_twisty_statue_hallways
D:6:      layout_basic, mainiacjoe_overflow_boulevard,
          minmay_temple_entry_stoned_glass, serial_shops, shop,
          nicolae_shop_overcharged_wands, uniq_blork_the_orc, uniq_jeremiah
D:7:      layout_rooms, nemelex_diamond_rough_becter,
          amcnicky_mini_rare_corridor_liquid
D:8:      layout_cave_pods, tgw_kikubaaqudgha,
          nicolae_hepliaklqana_monster_ancestors, uniq_pikel
D:9:      layout_cave_pools, ashenzari_conservatory_becter, uniq_harold
D:10:     layout_grid_maze, lemuel_tele_altar, david_lair_generic, orc_david_3,
          serial_shops, shop_statue, shop, nicolae_shop_tiny_glass,
          minmay_shattered_shrine
D:11:     layout_stronghold, uniq_sonja, uniq_urug, uniq_grum, uniq_erolcha

Skill      XL: |  1  2  3  4  5  6  7  8  9 10 11 12 |
---------------+-------------------------------------+-----
Unarmed Combat | 4 5 6 7 8 10 11 12 | 12.8
Dodging        | 2 3 4 5 6 |  6.7
Shapeshifting  | 4 5 6 8 |  8.4
Fighting       | 1 2 3 |  3.9
Throwing       | 1 2 3 4 5 |  5.1
Stealth        | 1 2 |  2.2
Shields        | 2 3 4 |  4.7
Armour         | 1 3 4 |  4.2
Evocations     | |  0.1

Action                     |  1- 3 |  4- 6 |  7- 9 | 10-12 || total
---------------------------+-------+-------+-------+-------++-------
  Melee: Unarmed           |    51 |   200 |   271 |   347 ||   869
         Punch             |       |     3 |     6 |       ||     9
  Throw: Boomerang         |     4 |     8 |    66 |    33 ||   111
 Invoke: Potion Petition   |       |       |       |     2 ||     2
  Evoke: Wand              |       |       |     2 |       ||     2
    Use: Scroll            |       |       |     2 |    14 ||    16
         Potion            |       |       |     1 |     8 ||     9
   Stab: Distracted        |       |       |     3 |     3 ||     6
         Sleeping          |       |       |     1 |     1 ||     2
 Armour: Animal skin       |    43 |   166 |   146 |    73 ||   428
         Pearl dragon scal |       |       |       |   201 ||   201
         Skin              |       |       |       |    40 ||    40
  Dodge: Dodged            |    19 |   112 |   127 |   111 ||   369
  Block: Kite shield       |       |       |    53 |   142 ||   195

Table legend: (Time is in decaauts)
 A = Elapsed time spent in this place.
 B = Non-inter-level travel time spent in this place.
 C = Inter-level travel time spent in this place.
 D = Time resting spent in this place.
 E = Time spent auto-exploring this place.
 F = Levels seen in this place.
 G = Mean time per level.
                   A        B        C        D        E       F      G
               +--------+--------+--------+--------+--------+-----+--------+
         Total |   9978 |   9612 |    366 |    462 |   7000 |  14 |  712.7 |
       Dungeon |   8771 |   8405 |    366 |    173 |   6532 |  11 |  797.4 |
         Abyss |    491 |    491 |      0 |    288 |      3 |   2 |  245.5 |
         Sewer |    715 |    715 |      0 |      0 |    465 |   1 |  715.0 |
               +--------+--------+--------+--------+--------+-----+--------+

Top non-repeatable levels by time:
     D:8: 1351 daAuts
    D:10: 1251 daAuts
     D:6: 1087 daAuts
     D:5: 979 daAuts
     D:1: 870 daAuts
     D:3: 807 daAuts
     D:9: 736 daAuts
   Sewer: 715 daAuts
     D:4: 589 daAuts
     D:7: 556 daAuts
     D:2: 482 daAuts
 Abyss:1: 360 daAuts
 Abyss:2: 131 daAuts
    D:11: 57 daAuts
